 Dungeon Crawl Stone Soup version 0.25-a0-734-g73332aeda9 (webtiles) character file.

Game seed: 106766223510496156, levelgen mode: deterministic

35578 Esekla the Carver (level 13, -9/65 HPs)
             Began as a Vine Stalker Skald on Apr 10, 2020.
             Was the Champion of Lugonu.
             Shot with an arrow by a centaur warrior (15 damage)
             ... on level 14 of the Dungeon.
             The game lasted 03:11:08 (14418 turns).

Esekla the Carver (Vine Stalker Skald)             Turns: 14418, Time: 03:11:08

Health: -9/65      AC: 13    Str: 20    XL:     13   Next: 84%
Magic:  0/27       EV: 15    Int: 19    God:    Lugonu [******]
Gold:   811        SH:  0    Dex: 16    Spells: 18/30 levels left

rFire    . . .     SeeInvis .   q - +9 sword of Zonguldrok {reap}
rCold    + . .     Gourm    .   (no shield)
rNeg     . . .     Faith    .   s - +2 troll leather armour
rPois    .         Spirit   +   Q - +1 hat "Couts" {Str+5 Stlth-}
rElec    .         Reflect  .   K - +1 cloak
rCorr    .         Harm     .   n - +0 pair of gloves
MR       +....                  D - +1 pair of boots of the Shining Light {+Fly Int+2}
Stlth    ..........             z - amulet of regeneration
HPRegen  1.80/turn              p - +2 ring of dexterity
MPRegen  0.20/turn              Z - ring of protection from cold

@: very slightly contaminated, studying Long Blades
A: fangs 3, regeneration 2, magic shield, antimagic bite, no potion heal 3, rot
immunity
a: Depart the Abyss, Bend Space, Banish, Corrupt, Enter the Abyss, Brand Weapon
With Distortion, Renounce Religion, Evoke Flight


You were on level 14 of the Dungeon.
You worshipped Lugonu.
Lugonu was exalted by your worship.
You were not hungry.

You visited 2 branches of the dungeon, and saw 15 of its levels.
You visited the Abyss 1 time.
You also visited: Bailey and Gauntlet.

You collected 811 gold pieces.

Inventory:

Hand Weapons
 q - the +9 sword of Zonguldrok (weapon) {reap}
   (You acquired it in a bailey)

   If a monster killed with it leaves a corpse in good enough shape, the corpse
   will be animated as a zombie friendly to the killer.
 v - a +2 dagger of venom
 U - a +0 trident
 W - a +5 great sword
 Y - a +5 long sword
Missiles
 h - 44 poisoned darts (quivered)
 l - 8 boomerangs of dispersal
 I - 7 boomerangs
Armour
 e - a +2 leather armour of magic resistance
 f - a +2 leather armour of poison resistance
 n - a +0 pair of gloves (worn)
 s - a +2 troll leather armour (worn)
 A - the +2 robe "Myoz" {rN+++}
   (You found it on level 11 of the Dungeon)

   It renders you almost immune to negative energy.
 D - the +1 pair of boots of the Shining Light (worn) {+Fly Int+2}
   (You found it in a Gauntlet)

   It affects your intelligence (+2).
   It lets you fly.
 F - a +1 leather armour of cold resistance
 J - a +1 ring mail of fire resistance
 K - a +1 cloak (worn)
 M - a scarf of cloud immunity
 P - the +0 robe "Utwevi" {rElec rN+ Dex-3}
   (You found it in a Gauntlet)

   It affects your dexterity (-3).
   It insulates you from electricity.
   It protects you from negative energy.
 Q - the +1 hat "Couts" (worn) {Str+5 Stlth-}
   (You found it in a Gauntlet)

   It affects your strength (+5).
   It makes you less stealthy.
Jewellery
 d - a cursed ring of teleportation {unknown}
 p - a +2 ring of dexterity (left hand)
 r - an uncursed ring of resist corrosion
 z - an amulet of regeneration (around neck)
 B - an uncursed ring of fire
 Z - a ring of protection from cold (right hand)
Wands
 b - a wand of digging (11)
 o - a wand of disintegration (14)
 x - a wand of polymorph (6)
 C - a wand of paralysis (8)
 G - a wand of acid (7)
 N - a wand of flame (15)
 R - a wand of clouds (6)
Scrolls
 a - a scroll of fog
 j - 5 scrolls of remove curse
 u - a scroll of fear
 w - 3 scrolls of blinking
 S - a scroll of vulnerability
Potions
 c - 8 potions of curing
 i - 2 potions of magic
 k - 3 potions of flight
 m - 3 potions of brilliance
 t - 2 potions of berserk rage
 L - 4 potions of might
 V - 2 potions of stabbing
 X - a potion of lignification {unknown}
Books
 y - a manual of Long Blades
Miscellaneous
 E - a lightning rod (4/4)
 O - a tin of tremorstones
Comestibles
 g - 29 rations


   Skills:
 + Level 5.7 Fighting
 + Level 8.8(11.3) Short Blades
 * Level 11.6(12.7) Long Blades
 + Level 3.2 Throwing
 + Level 3.2 Armour
 + Level 5.2 Dodging
 * Level 9.1 Spellcasting
 * Level 8.3 Hexes
 + Level 4.1 Charms
 + Level 6.1 Translocations
 * Level 8.0 Ice Magic
 + Level 5.0 Invocations
 + Level 0.1 Evocations


You had 18 spell levels left.
You knew the following spells:

 Your Spells              Type           Power        Failure   Level  Hunger
a - Apportation           Tloc           ####..       1%          1    None
e - Spectral Weapon       Hex/Chrm       ####....     2%          3    None
g - Shroud of Golubria    Chrm/Tloc      ####..       1%          2    None
i - Corona                Hex            #####..      1%          1    None
s - Song of Slaying       Chrm           ###.....     2%          2    None
z - Ozocubu's Armour      Chrm/Ice       ####....     2%          3    None

Your spell library contained the following spells:

 Spells                   Type           Power        Failure   Level  Hunger
 Infusion                 Chrm           ###.         1%          1    None
 Animate Skeleton         Necr           N/A          10%         1    None
 Beastly Appendage        Tmut           #.....       10%         1    None
 Summon Small Mammal      Summ           #...         10%         1    None
 Sticks to Snakes         Tmut           #.......     14%         2    None
 Ice Form                 Ice/Tmut       ###.....     19%         4    ###....
 Iskenderun's Mystic Bla  Conj/Tloc      ###.....     26%         4    ###....
 Conjure Flame            Conj/Fire      #.......     28%         3    None
 Spider Form              Tmut/Pois      #.........   28%         3    None
 Iskenderun's Battlesphe  Conj/Chrm      ###.....     73%         5    #####..
 Blade Hands              Tmut           #.........   95%         5    #####..
 Fireball                 Conj/Fire      #.........   95%         5    #####..
 Starburst                Conj/Fire      #.........   100%        6    ######.


Dungeon Overview and Level Annotations

Branches:
Dungeon (14/15)            Temple (1/1) D:6            Lair (0/6) D:11
    Orc (0/2) D:9          Bailey (visited)         Gauntlet (visited)
 Vaults: D:13-14

Altars:
Ashenzari
Cheibriados
Dithmenos
Elyvilon
Fedhas
Hepliaklqana
Kikubaaqudgha
Qazlal
Trog
Uskayaw
Vehumet
Xom
Zin
The Shining One
Beogh

Shops:
D:5 *

Annotations:
D:8 2 transporters, kae's ghost, novice TeAE
Abyss:1 Harold


Innate Abilities, Weirdness & Mutations

You have razor-sharp teeth.
You heal very quickly.
When hurt, damage is shared between your health and your magic reserves.
Your bite disrupts and absorbs the magic of your enemies.
Potions cannot restore your health.
You are immune to rotting.


Message History

There is a stone staircase leading up here.
A centaur warrior comes into view.
The centaur wields a +0 shortbow.
The centaur shoots an arrow.
The arrow barely misses you.
The centaur wields a +0 shortbow.
The centaur shoots an arrow.
The arrow hits you but does no damage.
The centaur wields a +0 shortbow.
The centaur shoots an arrow.
The arrow hits you!
* * * LOW HITPOINT WARNING * * *
The crimson imp blinks!
You see here 2 arrows.
The centaur wields a +0 shortbow.
The centaur shoots an arrow.
The arrow barely misses you.
The centaur warrior wields a +0 shortbow.
The centaur warrior shoots an arrow.
The arrow hits you!
* * * LOW HITPOINT WARNING * * *
The centaur shoots an arrow.
The arrow barely misses you.
The kobold demonologist mumbles some strange words.
You see here an arrow.
The centaur warrior shoots an arrow.
The arrow hits you!
You die...

##.........#.#
##..........#.#
#.ucuc........#
#...........5.#.
#...u..c.....K/.
#....cc<..5...#
##...#(...5...#
## ##(#..W....
#@.........
#..((......
...........
#.#(5.......
#.#.........
#.#.....c..
#.##....... #.
#.....


You could see 2 centaur warriors, a kobold demonologist, a wraith, a centaur, a
quasit, a crimson imp and 2 shadow imps.

Vanquished Creatures
  An ogre mage (D:12)
  A hydra (D:9)
  2 centaur warriors (D:13)
  5 two-headed ogres
  An unseen horror (D:13)
  An orc knight (Bailey)
  A wizard (D:12)
  2 oklob plants (D:11)
  A deep elf mage (D:11)
  A manticore (D:13)
  3 cyclopes
  5 ugly things
  A centaur zombie (D:13)
  A tengu conjurer (Gauntlet)
  3 trolls
  A queen bee (D:11)
  A polar bear (D:13)
  Grinder (D:3)
  2 hippogriffs
  A slime creature (D:11)
  7 flying skulls (Gauntlet)
  A water elemental (D:13)
  A wyvern (D:9)
  Eustachio (D:4)
  2 centaur simulacra (D:13)
  A vampire (D:11)
  A basilisk (D:13)
  34 yaks
  A hungry ghost (D:8)
  2 vampire mosquitoes (D:12)
  2 water moccasins
  Duvessa (D:7)
  19 orc warriors
  7 ice beasts
  2 sky beasts
  2 necrophages
  A black bear (D:8)
  6 ogres
  An eye of draining (D:11)
  2 phantoms
  A wolf (D:13)
  7 centaurs
  A crocodile (D:12)
  7 big kobolds
  8 bullfrogs
  3 wyvern zombies
  Dowan (D:7)
  6 scorpions
  26 killer bees (D:11)
  A wyvern skeleton (D:10)
  9 wights (D:11)
  A howler monkey (D:11)
  2 electric eels (D:13)
  9 crimson imps
  3 bullfrog zombies
  7 hounds
  2 jellies
  A water moccasin simulacrum (D:11)
  2 bullfrog skeletons
  6 orc priests
  16 orc wizards
  An iguana (D:13)
  10 worker ants
  2 hound zombies (D:11)
  2 hound skeletons
  A howler monkey skeleton (D:11)
  A worker ant zombie (D:11)
  6 adders
  5 gnolls (D:7)
  7 shadow imps
  A white imp (D:13)
  An ufetubus (D:13)
  An ooze (D:1)
  4 adder skeletons
  2 worms
  A dart slug (D:2)
  4 leopard geckos
  99 orcs
  4 ball pythons
  3 bats
  3 giant cockroaches
  4 goblins
  5 hobgoblins
  13 jackals
  A quokka (D:5)
  A frilled lizard (D:1)
  A jackal skeleton (D:9)
  37 kobolds
  8 rats
476 creatures vanquished.

Vanquished Creatures (collateral kills)
  A hound (D:13)
  A bullfrog simulacrum (D:13)
  An ufetubus (D:13)
  2 kobolds (D:13)
5 creatures vanquished.

Vanquished Creatures (others)
  A minotaur (Gauntlet)
  2 hydras
  A tengu warrior (Gauntlet)
  A smoke demon (Gauntlet)
  5 flying skulls (Gauntlet)
  A wraith (D:12)
  A black bear (D:8)
  An ice beast (D:8)
  A necrophage (D:9)
  2 phantoms
  An ogre (D:8)
  A bullfrog (D:8)
  2 crimson imps (Gauntlet)
  An orc priest (D:4)
  An orc wizard (D:4)
  An adder (D:2)
  A gnoll (D:7)
  A howler monkey skeleton (D:4)
  An adder skeleton (D:7)
  2 leopard geckos
  A hobgoblin (D:2)
  A jackal (D:2)
  A quokka (D:4)
  2 bats
  A giant cockroach zombie (D:5)
  4 plants
  A spectral weapon (Gauntlet)
39 creatures vanquished.

Grand Total: 520 creatures vanquished

Notes
Turn   | Place    | Note
-------+----------+-------------------------------------------
     0 | D:1      | Esekla the Vine Stalker Skald began the quest for the Orb.
     0 | D:1      | Reached XP level 1. HP: 11/11 MP: 4/4
   373 | D:1      | Reached XP level 2. HP: 15/15 MP: 6/6
   408 | D:1      | Reached skill level 2 in Long Blades
   458 | D:1      | Learned a level 2 spell: Shroud of Golubria
   461 | D:1      | Learned a level 2 spell: Song of Slaying
   751 | D:2      | Reached XP level 3. HP: 18/18 MP: 7/7
   779 | D:2      | Reached skill level 1 in Armour
  1023 | D:2      | You fall into a shaft and drop 2 floors!
  1046 | D:4      | Reached skill level 1 in Translocations
  1046 | D:4      | Gained mutation: Your natural rate of healing is unusually
                  | fast. [Vine Stalker growth]
  1046 | D:4      | Reached XP level 4. HP: 23/23 MP: 5/9
  1050 | D:4      | Reached skill level 1 in Short Blades
  1056 | D:4      | Reached XP level 5. HP: 25/26 MP: 5/10
  1196 | D:3      | Noticed Grinder
  1206 | D:3      | Killed Grinder
  1206 | D:3      | Reached XP level 6. HP: 21/30 MP: 5/12
  1211 | D:3      | Learned a level 3 spell: Ozocubu's Armour
  1223 | D:3      | Learned a level 3 spell: Spectral Weapon
  1343 | D:3      | Found a shattered altar of Ashenzari.
  2387 | D:4      | Noticed Eustachio
  2402 | D:4      | Killed Eustachio
  2402 | D:4      | Reached skill level 1 in Ice Magic
  2402 | D:4      | Reached XP level 7. HP: 28/35 MP: 9/13
  2482 | D:4      | Reached skill level 1 in Hexes
  2850 | D:4      | Cast into level 1 of the Abyss (a distortion unwield)
  2863 | Abyss:1  | Learned a level 1 spell: Apportation
  2871 | Abyss:1  | Found a corrupted altar of Lugonu.
  2875 | Abyss:1  | Became a worshipper of Lugonu the Unformed
  2875 | Abyss:1  | Reached * piety under Lugonu
  2910 | Abyss:1  | Noticed a starcursed mass
  2911 | D:4      | Escaped the Abyss
  2946 | D:5      | Entered Level 5 of the Dungeon
  3019 | D:5      | Found a blossoming altar of Fedhas.
  3258 | D:5      | Found a hazy altar of Hepliaklqana.
  3259 | D:5      | Found a radiant altar of Vehumet.
  3271 | D:5      | Gained mutation: You have razor-sharp teeth. [Vine Stalker
                  | growth]
  3271 | D:5      | Reached XP level 8. HP: 37/39 MP: 13/15
  3291 | D:5      | Reached skill level 1 in Throwing
  3366 | D:5      | Found Zin's Purification Station.
  3369 | D:5      | Found a glowing silver altar of Zin.
  3390 | D:5      | Found a stormy altar of Qazlal.
  3440 | D:5      | Found a shimmering altar of Xom.
  3444 | D:5      | Found a hide-covered altar of Uskayaw.
  3675 | D:6      | Found a bloodstained altar of Trog.
  3939 | D:6      | Reached skill level 1 in Invocations
  4162 | D:6      | Found a staircase to the Ecumenical Temple.
  4169 | Temple   | Entered the Ecumenical Temple
  4212 | D:6      | Reached skill level 5 in Short Blades
  4431 | D:7      | Noticed Duvessa
  4516 | D:7      | Noticed Dowan
  4534 | D:7      | Killed Duvessa
  4534 | D:7      | Reached XP level 9. HP: 43/43 MP: 17/17
  4539 | D:7      | Killed Dowan
  4591 | D:7      | Reached ** piety under Lugonu
  4591 | D:7      | Reached skill level 5 in Spellcasting
  5209 | D:7      | Found the +10 tower shield of Ignorance {rN+ Int-4}
  5884 | D:7      | Reached XP level 10. HP: 49/49 MP: 17/19
  5942 | D:8      | Found a transporter.
  5996 | D:8      | Reached *** piety under Lugonu
  6032 | D:8      | Noticed kae's ghost (novice TeAE)
  6032 | D:8      | Noticed a wolf spider
  6035 | D:8      | Found a transporter.
  6443 | D:8      | Found an ancient bone altar of Kikubaaqudgha.
  6781 | D:9      | Found a staircase to the Orcish Mines.
  6897 | D:9      | Reached skill level 5 in Translocations
  7091 | D:9      | Noticed a six-headed hydra
  7275 | D:9      | Reached **** piety under Lugonu
  7399 | D:9      | Reached XP level 11. HP: 53/53 MP: 22/22
  7439 | D:9      | Noticed Harold
  7462 | D:9      | Banished Harold
  7515 | D:9      | Killed a six-headed hydra
  7515 | D:9      | Reached skill level 5 in Ice Magic
  7655 | D:9      | Reached skill level 5 in Hexes
  7854 | D:10     | Entered Level 10 of the Dungeon
  8319 | D:10     | Reached ***** piety under Lugonu
  8402 | D:10     | Found a roughly hewn altar of Beogh.
  8726 | D:11     | Found a staircase to the Lair.
  8726 | D:11     | Noticed an oklob plant
  8735 | D:11     | Noticed a two-headed ogre
  8768 | D:11     | Found a gate leading to a gauntlet.
  8820 | Gauntlet | Entered a Gauntlet
  8820 | Gauntlet | Found a transporter.
  8820 | Gauntlet | Found a transporter.
  8822 | Gauntlet | Found a transporter.
  8824 | Gauntlet | Found a transporter.
  8828 | Gauntlet | Found a transporter.
  8828 | Gauntlet | Found a transporter.
  8870 | Gauntlet | Found a transporter.
  8870 | Gauntlet | Noticed a tengu warrior
  8882 | Gauntlet | Found a transporter.
  8895 | Gauntlet | Found a transporter.
  8917 | Gauntlet | Found a transporter.
  8917 | Gauntlet | Noticed a hell beast
  8922 | Gauntlet | Found a transporter.
  8959 | Gauntlet | Found a transporter.
  9190 | Gauntlet | Reached skill level 5 in Invocations
  9205 | Gauntlet | Banished a tengu warrior
  9303 | Gauntlet | Reached skill level 3 in Long Blades
  9305 | Gauntlet | Gained mutation: You heal very quickly. [Vine Stalker
                  | growth]
  9305 | Gauntlet | Reached XP level 12. HP: 58/58 MP: 24/24
  9363 | Gauntlet | Got a pair of faintly glowing boots
  9377 | Gauntlet | Identified the +1 pair of boots of the Shining Light {+Fly
                  | Int+2} (You found it in a Gauntlet)
  9436 | Gauntlet | Noticed a minotaur
  9453 | Gauntlet | Banished a minotaur
  9505 | Gauntlet | Got a brightly glowing robe
  9505 | Gauntlet | Got a dazzling hat
  9507 | Gauntlet | Identified the Incunabulum of Confrontation
  9521 | Gauntlet | Identified the cursed +0 robe "Utwevi" {rElec rN+ Dex-3}
                  | (You found it in a Gauntlet)
  9526 | Gauntlet | Identified the +1 hat "Couts" {Str+5 Stlth-} (You found it
                  | in a Gauntlet)
  9903 | D:11     | Killed a two-headed ogre
 10265 | D:11     | Reached skill level 4 in Long Blades
 10434 | D:11     | Reached skill level 5 in Fighting
 10480 | D:11     | Reached ****** piety under Lugonu
 10492 | D:11     | Reached skill level 5 in Long Blades
 10574 | D:11     | Upgraded the game from 0.25-a0-733-gf7d8cd8a05 to
                  | 0.25-a0-734-g73332aeda9
 10855 | D:12     | Reached skill level 6 in Long Blades
 10888 | D:12     | Reached skill level 5 in Dodging
 10979 | D:12     | Reached skill level 7 in Long Blades
 11009 | D:12     | Noticed a two-headed ogre
 11010 | D:12     | Noticed an ogre mage
 11010 | D:12     | Noticed a two-headed ogre
 11011 | D:12     | Noticed a two-headed ogre
 11011 | D:12     | Noticed a two-headed ogre
 11026 | D:12     | Killed an ogre mage
 11031 | D:12     | Killed a two-headed ogre
 11036 | D:12     | Killed a two-headed ogre
 11036 | D:12     | Reached skill level 8 in Long Blades
 11043 | D:12     | Killed a two-headed ogre
 11043 | D:12     | Reached XP level 13. HP: 38/63 MP: 18/26
 11088 | D:12     | Found a flagged portal.
 11104 | D:12     | Reached skill level 9 in Long Blades
 11128 | Bailey   | Entered a bailey
 11638 | Bailey   | Got a shimmering helmet
 11639 | Bailey   | Identified the -4 helmet "Kisus" {rCorr} (You found it in a
                  | bailey)
 12299 | Bailey   | Identified a scroll of acquirement
 12301 | Bailey   | Found the +9 sword of Zonguldrok {reap}
 12416 | D:11     | Learned a level 1 spell: Corona
 12605 | D:11     | Reached skill level 10 in Long Blades
 12655 | D:11     | Got an opalescent robe
 12666 | D:11     | Identified the +2 robe "Myoz" {rN+++} (You found it on
                  | level 11 of the Dungeon)
 13427 | D:13     | Found the +7 Spriggan's Knife {stab, EV+4 Stlth+}
 13536 | D:13     | Reached skill level 11 in Long Blades
 14378 | D:13     | Noticed an ice dragon
 14418 | D:14     | Shot with an arrow by a centaur warrior

Levels and vault maps discovered:
D:1:      matt_arrival_diagonals, layout_loops_ring
D:2:      layout_loops_cross
D:3:      layout_loops_ring, lemuel_crystal_altar, uniq_grinder
D:4:      layout_basic, uniq_eustachio
D:5:      layout_rooms, zin_purify, nicolae_overflow_hidden_temple,
          grunt_temple_overflow_open, grunt_temple_overflow_forces_of_nature,
          first_ration
D:6:      layout_basic, temple_green, serial_glass, glass_columns_b,
          glass_columns_a, basic_altar, st_stairs_2
D:7:      layout_layer_cave, uniq_duvessa
D:8:      layout_cave_pools, basic_altar, gammafunk_ghost_arena
D:9:      layout_basic, orc_0_dummy, uniq_harold
D:10:     layout_cave_pools, special_room [special_room_orc],
          minmay_crystal_water, grunt_ogre_cave
D:11:     regret_index_wax_grids, layout_cave_pods, dpeg_oklobed_lair,
          gauntlet_entry_generic, minmay_misc_feat_iff
D:12:     layout_loops_ring, enter_bailey_6
D:13:     layout_small_grid, serial_ice, serial_ice_f, serial_ice_m,
          serial_ice_h, serial_ice_g, serial_ice_l, serial_ice_d, serial_ice_b,
          portal_ice_cave_entry_animals_and_master, hangedman_decor_push,
          kennysheep_generic_room_8
D:14:     layout_rooms, hangedman_vaults_entry_quadrant_bands,
          gammafunk_ghost_grave, roderic_serpentine_path
Temple:   eino_temple_lava

Skill      XL: |  1  2  3  4  5  6  7  8  9 10 11 12 13 |
---------------+----------------------------------------+-----
Long Blades    | 2 3 8 11 | 11.6
Armour         | 1 2 3 |  3.2
Fighting       | 2 3 4 5 |  5.7
Translocations | 1 2 3 4 5 6 |  6.1
Short Blades   | 1 2 3 5 6 7 8 |  8.8
Spellcasting   | 3 4 5 6 7 8 9 |  9.1
Dodging        | 2 3 4 5 |  5.2
Ice Magic      | 1 3 4 5 7 8 |  8.0
Hexes          | 1 2 3 4 5 6 8 |  8.3
Throwing       | 1 2 3 |  3.2
Invocations    | 1 2 4 5 |  5.0
Charms         | 4 |  4.1
Evocations     | |  0.1

Action                   |  1- 3 |  4- 6 |  7- 9 | 10-12 | 13-15 || total
-------------------------+-------+-------+-------+-------+-------++-------
Melee: Falchion          |     7 |       |       |       |       ||     7
       Dagger            |    57 |    74 |   324 |   838 |    14 ||  1307
       Bite              |     8 |    17 |    87 |   368 |   101 ||   581
       Long sword        |       |       |       |   139 |    64 ||   203
       Great sword       |       |       |       |    63 |       ||    63
       Double sword      |       |       |       |       |   211 ||   211
Throw: Dart              |       |     8 |    22 |    56 |    76 ||   162
       Boomerang         |       |       |       |    15 |     5 ||    20
 Cast: Song of Slaying   |     3 |       |     8 |    23 |     6 ||    40
       Shroud of Golubri |     2 |     1 |    14 |    25 |     3 ||    45
       Ozocubu's Armour  |       |     1 |     8 |    34 |    19 ||    62
       Apportation       |       |       |     3 |     5 |     4 ||    12
       Spectral Weapon   |       |       |       |     1 |       ||     1
       Corona            |       |       |       |       |     3 ||     3
Invok: Depart the Abyss  |       |       |     1 |       |       ||     1
       Bend Space        |       |       |       |     3 |       ||     3
Evoke: Wand              |       |       |       |     3 |       ||     3
  Use: Scroll            |       |     8 |       |    16 |     6 ||    30
  Eat: Chunk             |       |     5 |    12 |    19 |     7 ||    43
       Ration            |       |       |       |       |     2 ||     2
Armor: Leather armour    |     9 |    11 |    63 |   116 |       ||   199
       Troll leather arm |       |       |       |   148 |   106 ||   254
Dodge: Dodged            |    32 |    49 |   156 |   561 |   270 ||  1068
       Rpst.: Long sword |       |       |       |    33 |    13 ||    46
       Great sword       |       |       |       |    11 |       ||    11
       Double sword      |       |       |       |       |    38 ||    38

Table legend:
 A = Non-vault XP
 B = Vault XP
 C = Vault XP percentage of total XP
 D = Non-vault monster count
 E = Vault monster count
 F = Vault count percentage of total count
                 A         B        C        D         E       F
            +---------+---------+-------+---------+---------+-------
      Total |   32484 |   18342 |  36.1 |     372 |     144 |  27.9
            +---------+---------+-------+---------+---------+-------
        D:1 |      21 |       0 |   0.0 |      12 |       0 |   0.0
        D:2 |      50 |       0 |   0.0 |      20 |       0 |   0.0
        D:3 |      71 |     277 |  79.6 |      16 |       1 |   5.9
        D:4 |     345 |     208 |  37.6 |      15 |       1 |   6.2
        D:5 |     399 |       0 |   0.0 |      22 |       0 |   0.0
        D:6 |     791 |     131 |  14.2 |      22 |       2 |   8.3
        D:7 |    2248 |     218 |   8.8 |      44 |       2 |   4.3
        D:8 |    1555 |       0 |   0.0 |      33 |       0 |   0.0
        D:9 |    4982 |     658 |  11.7 |      44 |       1 |   2.2
       D:10 |    2013 |     763 |  27.5 |      23 |      27 |  54.0
       D:11 |    4792 |    6354 |  57.0 |      56 |      47 |  45.6
       D:12 |    7803 |       0 |   0.0 |      25 |       0 |   0.0
       D:13 |    7414 |    2668 |  26.5 |      40 |      17 |  29.8
     Bailey |       0 |    2023 | 100.0 |       0 |      26 | 100.0
   Gauntlet |       0 |    5042 | 100.0 |       0 |      20 | 100.0
            +---------+---------+-------+---------+---------+-------
